 Dungeon Crawl Stone Soup version 0.27-a0-965-gbf8bb431c4 (webtiles) character file.

Game seed: 11279150686379898956

79 polve the Cutter (level 4, -2/35 HPs)
             Began as a Demonspawn Abyssal Knight on Apr 12, 2021.
             Was a Follower of Lugonu.
             Slain by an orc priest
             ... wielding a +2 short sword of venom
              (3 damage)
             ... on level 3 of the Dungeon.
             The game lasted 00:01:51 (2348 turns).

polve the Cutter (Demonspawn Abyssal Knight)        Turns: 2348, Time: 00:01:52

Health: -2/35      AC:  8    Str: 13    XL:     4   Next: 17%
Magic:  5/5        EV:  6    Int: 11    God:    Lugonu [*.....]
Gold:   19         SH:  0    Dex: 13    Spells: 2/3 levels left

rFire    . . .     SeeInvis .   a - +1 short sword
rCold    . . .     Faith    .   (no shield)
rNeg     . . .     Spirit   .   f - +0 chain mail
rPois    .         Reflect  .   (helmet restricted)
rElec    .         Harm     .   (no cloak)
rCorr    .         Rampage  .   (no gloves)
Will     .....                  (no boots)
Stlth    ..........             (no amulet)
HPRegen  0.11/turn              (no ring)
MPRegen  0.09/turn              (no ring)

@: lethally poisoned (-2 -> -8), hasted, very quick
A: hooves 1, demonic guardian 1, demonic magic 1, beak, dopey 1
a: Renounce Religion, Depart the Abyss


You were on level 3 of the Dungeon.
You worshipped Lugonu.
Lugonu was aware of your devotion.
You visited 1 branch of the dungeon, and saw 3 of its levels.
You visited the Abyss 1 time.

You collected 19 gold pieces.

Inventory:

Hand Weapons
 a - a +1 short sword (weapon)
Armour
 b - a +0 leather armour
 f - a +0 chain mail (worn)
Scrolls
 c - 4 scrolls of teleportation {unknown}
 d - a scroll of blinking {unknown}
 e - a scroll of identify {unknown}
Potions
 i - a potion of might {unknown}


   Skills:
 - Level 3.0 Fighting
 - Level 4.0 Short Blades
 - Level 1.7 Armour
 - Level 0.8 Dodging
 + Level 0.7 Hexes
 - Level 2.4 Invocations


You had 2 spell levels left.
You knew the following spells:

 Your Spells              Type           Power      Damage    Failure   Level
a - Corona                Hex            1%         N/A       100%        1

Your spell library contained the following spells:

 Spells                   Type           Power      Damage    Failure   Level
 Animate Skeleton         Necr           0%         N/A       100%        1
 Apportation              Tloc           0%         N/A       100%        1
 Magic Dart               Conj           0%         1d3       100%        1
 Summon Small Mammal      Summ           0%         N/A       100%        1
 Blink                    Tloc           N/A        N/A       100%        2
 Call Imp                 Summ           0%         N/A       100%        2
 Slow                     Hex            1%         N/A       100%        2
 Confusing Touch          Hex            1%         N/A       100%        3
 Conjure Flame            Conj/Fire      0%         6-21      100%        3
 Gell's Gravitas          Tloc           0%         N/A       100%        3
 Mephitic Cloud           Conj/Pois/Air  0%         N/A       100%        3
 Petrify                  Tmut/Erth      0%         N/A       100%        4
 Metabolic Englaciation   Hex/Ice        0%         N/A       100%        5
 Yara's Violent Unravell  Hex/Tmut       0%         3d3       100%        5


Dungeon Overview and Level Annotations

Branches:
Dungeon (3/15)

Altars:

Shops:
D:3 :


Innate Abilities, Weirdness & Mutations

You have large cloven feet.
A weak demonic guardian rushes to your aid.
Spells you cast may paralyse adjacent enemies.
You have a beak for a mouth.
You are dopey. (Int -2)


Message History

You feel sick. The orc hits you with a +0 club.
The orc priest closely misses you. The hobgoblin hits you.
You feel sick.
You feel sick. The orc hits you but does no damage.
You hit the orc.
The orc is heavily wounded.
You feel sick.
You hit the orc.
You kill the orc!
Lugonu accepts your kill.
You feel sick.
Your chain mail prevents you from hitting the orc priest.
The orc priest is heavily wounded.
You feel sick. The orc priest barely misses you.
You barely miss the orc priest.
You kick the orc priest, but do no damage.
The orc priest is heavily wounded.
You feel sick.
The orc priest hits you with a +2 short sword of venom.
You are more poisoned.
You barely miss the orc priest.
The orc priest is heavily wounded.
You feel sick.
The orc priest calls down the wrath of Beogh upon you.
Beogh smites you!
* * * LOW HITPOINT WARNING * * *
A demonic guardian appears!
The orc barely misses your iron imp.
It was a potion of haste.
You feel yourself speed up.
* * * LOW HITPOINT WARNING * * *
You feel very sick. The orc priest barely misses you.
The orc hits your iron imp with a +0 short sword.
It was a potion of mutation.
You feel extremely strange.
You feel stupid.
Your mouth lengthens and hardens into a beak!
* * * LOW HITPOINT WARNING * * *
You feel sick.
Your iron imp closely misses the hobgoblin.
The orc priest hits you with a +2 short sword of venom.
You die...

#.......†.#.......#
#.#####...#.......#
###.### ##.##.......##
#.....# ##.##.........
#####.#.#.###...#.......##
..........................
#####.#.#.##....#.......#
# #.....##.#.###5#.##.#
##.#####....@ogo.# .#
#....###...# #.#
#..###..........# .#
#..#∩#...o..###.# .#
#.##+####o..# # #...#
..... ...... ..<##.#


You could see an orc priest, an orc, a hobgoblin (ally target) and a friendly
iron imp (summoned).

Vanquished Creatures
  A hound (D:2)
  An adder (D:2)
  A dart slug (D:1)
  An orc (D:3)
  3 endoplasms (D:1)
  2 giant cockroaches
  3 goblins (D:1)
  3 hobgoblins (D:1)
  4 jackals (D:1)
  3 kobolds (D:1)
  3 ball pythons
  5 bats
  2 frilled lizards (D:1)
  2 rats (D:1)
34 creatures vanquished.

Notes
Turn   | Place    | Note
-------+----------+-------------------------------------------
     0 | Abyss:1  | polve the Demonspawn Abyssal Knight began the quest for the
                  | Orb.
     0 | Abyss:1  | Reached XP level 1. HP: 18/18 MP: 2/2
    10 | Abyss:1  | Noticed a large abomination
    30 | Abyss:1  | Noticed a raiju
    30 | Abyss:1  | Noticed a small abomination
    31 | D:1      | Escaped the Abyss
   336 | D:1      | Reached skill level 2 in Short Blades
   356 | D:1      | Reached * piety under Lugonu
   674 | D:1      | Gained mutation: You have large cloven feet. [demonic
                  | ancestry]
   674 | D:1      | Reached XP level 2. HP: 24/24 MP: 3/3
  1206 | D:1      | Reached skill level 3 in Short Blades
  1421 | D:1      | Gained mutation: Spells you cast may paralyse adjacent
                  | enemies. [demonic ancestry]
  1421 | D:1      | Reached XP level 3. HP: 23/29 MP: 4/4
  1570 | D:1      | Learned a level 1 spell: Corona
  1930 | D:2      | Reached skill level 4 in Short Blades
  1930 | D:2      | Gained mutation: A weak demonic guardian rushes to your
                  | aid. [demonic ancestry]
  1930 | D:2      | Reached XP level 4. HP: 33/35 MP: 5/5
  2135 | D:2      | Found a faded altar of an unknown god.
  2156 | D:2      | You fall into a shaft and drop 1 floor!
  2328 | D:3      | Found Lotih's Book Emporium.
  2348 | D:3      | Gained mutation: You are dopey. (Int -2) [potion of
                  | mutation]
  2348 | D:3      | Gained mutation: You have a beak for a mouth. [potion of
                  | mutation]
  2348 | D:3      | HP: 1/35 [poisoned by an orc priest]
  2348 | D:3      | Slain by an orc priest

Illustrated notes

Levels and vault maps discovered:
D:1:      heliophobic_arrival_dark_side_of_the_moon, layout_basic
D:2:      layout_loops_cross, hellmonk_ecumenical_altar_inner_sanctum
D:3:      layout_loops_ring, slow_altar_2, cheibrodos_sewer_entry_sluice,
          serial_shops, nicolae_shop_window_shopping, minmay_rat_hole

Skill      XL: |  1  2  3 |
---------------+----------+-----
Short Blades   | 2 3 4 |  4.0
Fighting       | |  3.0
Armour         | |  1.7
Dodging        | |  0.8
Hexes          | |  0.7
Invocations    | |  2.4

Action                   |  1- 3 |  4- 6 || total
-------------------------+-------+-------++-------
Melee: Short sword       |    89 |    17 ||   106
       Kick              |    14 |     3 ||    17
Invok: Depart the Abyss  |     1 |       ||     1
  Use: Potion            |       |     2 ||     2
Armor: Leather armour    |    35 |       ||    35
       Chain mail        |       |     7 ||     7
Dodge: Dodged            |    62 |     4 ||    66

Table legend: (Time is in decaauts)
 A = Elapsed time spent in this place.
 B = Non-inter-level travel time spent in this place.
 C = Inter-level travel time spent in this place.
 D = Time resting spent in this place.
 E = Time spent auto-exploring this place.
 F = Levels seen in this place.
 G = Mean time per level.
                   A        B        C        D        E       F      G
               +--------+--------+--------+--------+--------+-----+--------+
         Total |   2341 |   2326 |     15 |      0 |   2041 |   4 |  585.2 |
       Dungeon |   2310 |   2295 |     15 |      0 |   2032 |   3 |  770.0 |
         Abyss |     31 |     31 |      0 |      0 |      9 |   1 |   31.0 |
               +--------+--------+--------+--------+--------+-----+--------+

Top non-repeatable levels by time:
     D:1: 1634 daAuts
     D:2: 485 daAuts
     D:3: 190 daAuts
 Abyss:1: 31 daAuts
